 Dungeon Crawl Stone Soup version 0.22-a0-605-g9281fa2 (webtiles) character file.

1154 chorionicmirror the Cleaver (level 8, -4/57 HPs)
             Began as a Hill Orc Monk on July 8, 2018.
             Slain by a jumping spider (13 damage)
             ... on level 9 of the Dungeon.
             The game lasted 00:14:52 (4211 turns).

chorionicmirror the Cleaver (Hill Orc Monk)         Turns: 4211, Time: 00:14:53

Health: -4/57      AC:  5    Str: 16    XL:     8   Next: 38%
Magic:  17/17      EV: 11    Int: 10    God:
Gold:   254        SH:  0    Dex: 13    Spells: 7/7 levels left

rFire    . . .     SeeInvis .   j - +3 hand axe (freeze)
rCold    . . .     Gourm    .   (no shield)
rNeg     . . .     Faith    .   d - +0 ring mail
rPois    .         Spirit   .   (no helmet)
rElec    .         Reflect  .   (no cloak)
rCorr    .         Harm     .   (no gloves)
MR       .....                  (no boots)
Stlth    +.........             (no amulet)
HPRegen  0.19/turn              h - ring of magical power
MPRegen  0.15/turn              (no ring)

@: no status effects
A: frail 1, mutation resistance 1
a: no special abilities


You were on level 9 of the Dungeon.
You were not hungry.

You visited 1 branch of the dungeon, and saw 7 of its levels.

You collected 280 gold pieces.
You spent 26 gold pieces at shops.

Inventory:

Hand Weapons
 j - a +3 hand axe of freezing (weapon)
Missiles
 g - 5 tomahawks (quivered)
 w - a throwing net
Armour
 d - a +0 ring mail (worn)
 r - a +0 large shield
 y - the +1 robe of Lesser Demons {Int+2, unknown}
   (You found it on level 9 of the Dungeon)

   It affects your intelligence (+2).
Magical Staves
 p - an uncursed staff of poison
Jewellery
 h - a ring of magical power (left hand)
Wands
 a - a wand of flame (27)
 q - a wand of polymorph (1)
Scrolls
 b - 2 scrolls of teleportation
 e - 2 scrolls of amnesia {unknown}
 k - 4 scrolls of remove curse
 u - a scroll of fear
 v - a scroll of blinking
 x - a scroll of summoning {unknown}
Potions
 f - 2 potions of curing
 i - 2 potions of agility
 l - a potion of resistance
 n - a potion of brilliance
 s - a potion of cancellation {unknown}
 t - a potion of berserk rage
Comestibles
 c - 14 rations


   Skills:
 - Level 3.6 Fighting
 + Level 12.8 Axes
 - Level 2.4 Dodging
 - Level 1.5 Stealth


You had 7 spell levels left.
You didn't know any spells.
Your spell library contained the following spells:

 Spells                   Type           Power        Failure   Level  Hunger
 Confuse                  Hex            #.......     91%         3    ####...
 Confusing Touch          Hex            #.....       58%         1    ##.....
 Metabolic Englaciation   Hex/Ice        #.........   100%        5    ######.
 Petrify                  Tmut/Erth      #.......     100%        4    #####..
 Gell's Gravitas          Tloc           #.........   91%         3    ####...
 Yara's Violent Unravell  Hex/Tmut       #.........   100%        5    ######.


Dungeon Overview and Level Annotations

Branches:
Dungeon (6/15)               Lair (0/6) D:9
 Temple: D:4-7

Altars:
Kikubaaqudgha
Okawaru
Sif Muna
Trog
Vehumet

Shops:
D:4 *


Innate Abilities, Weirdness & Mutations

You are frail. (-10% HP)
You are somewhat resistant to further mutation.


Message History

The raiju evaporates and reforms as a jumping spider!
The jumping spider closely misses you.
The jumping spider bites you but does no damage.
You closely miss the jumping spider. The jumping spider pounces on you!
* * * LOW HITPOINT WARNING * * *
The jumping spider bites you.
* * * LOW HITPOINT WARNING * * *
You slash the jumping spider! You freeze the jumping spider.
The jumping spider is moderately wounded.
The jumping spider closely misses you. The jumping spider barely misses you.
You hit the jumping spider. You freeze the jumping spider.
The jumping spider is heavily wounded.
The jumping spider pounces on you but does no damage.
The jumping spider bites you!
* * * LOW HITPOINT WARNING * * *
You feel better. The jumping spider pounces on you.
* * * LOW HITPOINT WARNING * * *
The jumping spider bites you but does no damage.
The jumping spider pounces on you!
You die...

############
...........#
.......$...#
.......:...#
#...........#
#...........#
#.......s...#
#.......@...####
#...............
#...........####
#...........#
######.#####
#...# ###.###
##...# ###..###


You could see a jumping spider.

Vanquished Creatures
  Grinder (D:4)
  Eustachio (D:5)
  A sky beast (D:5)
  3 ogres
  A hound (D:6)
  2 orc priests (D:3)
  Jessica (D:2)
  An iguana (D:5)
  3 orc wizards
  3 worker ants (D:5)
  Ijyb (D:4)
  A hound skeleton (D:4)
  8 adders
  A shadow imp (D:5)
  An ooze (D:1)
  An adder skeleton (D:5)
  2 worms (D:3)
  2 dart slugs
  4 leopard geckos
  7 orcs
  9 bats
  2 giant cockroaches (D:3)
  4 goblins
  4 hobgoblins
  9 jackals
  A ball python (D:4)
  3 frilled lizards
  7 kobolds
  A leopard gecko skeleton (D:5)
  A quokka skeleton (D:5)
  9 rats
95 creatures vanquished.

Notes
Turn   | Place    | Note
-------+----------+-------------------------------------------
     0 | D:1      | chorionicmirror the Hill Orc Monk began the quest for the Orb.
     0 | D:1      | Reached XP level 1. HP: 19/19 MP: 1/1
   228 | D:1      | Reached XP level 2. HP: 26/26 MP: 2/2
   314 | D:1      | Reached skill level 5 in Axes
   809 | D:1      | Reached XP level 3. HP: 28/31 MP: 3/3
  1088 | D:2      | Noticed Jessica
  1094 | D:2      | Killed Jessica
  1094 | D:2      | Reached skill level 6 in Axes
  1097 | D:2      | Reached XP level 4. HP: 36/39 MP: 4/4
  1330 | D:2      | Reached skill level 7 in Axes
  1511 | D:3      | Reached XP level 5. HP: 40/45 MP: 5/5
  1569 | D:3      | Reached skill level 8 in Axes
  1662 | D:3      | Found a bloodstained altar of Trog.
  1719 | D:3      | Reached XP level 6. HP: 51/51 MP: 6/6
  1930 | D:4      | Noticed Ijyb
  1932 | D:4      | Noticed Grinder
  1953 | D:4      | Killed Ijyb
  1965 | D:4      | Killed Grinder
  1965 | D:4      | Reached skill level 10 in Axes
  1965 | D:4      | Reached XP level 7. HP: 9/57 MP: 7/7
  2310 | D:4      | Found an ancient bone altar of Kikubaaqudgha.
  2311 | D:4      | Found an iron altar of Okawaru.
  2375 | D:4      | Found a deep blue altar of Sif Muna.
  2575 | D:4      | Found a radiant altar of Vehumet.
  2670 | D:4      | Found Jikag's General Store.
  2685 | D:4      | Bought a scroll of identify for 26 gold pieces
  2839 | D:4      | Gained mutation: You are frail. (-10% HP) [potion of mutation]
  2839 | D:4      | Gained mutation: You are somewhat resistant to further mutation. [potion of mutation]
  2852 | D:5      | Entered Level 5 of the Dungeon
  2969 | D:5      | Reached skill level 11 in Axes
  3063 | D:5      | Noticed Eustachio
  3077 | D:5      | Killed Eustachio
  3212 | D:5      | Reached XP level 8. HP: 54/57 MP: 8/8
  3438 | D:5      | Reached skill level 12 in Axes
  3884 | D:6      | You fall through a shaft for 3 floors!
  3884 | D:9      | Found a staircase to the Lair.
  3903 | D:9      | Got a tattered robe
  4195 | D:9      | Noticed a troll
  4197 | D:9      | Noticed a raiju
  4197 | D:9      | a troll changed into a raiju
  4203 | D:9      | HP: 2/57 [raiju (9)]
  4205 | D:9      | Noticed a jumping spider
  4205 | D:9      | a raiju changed into a jumping spider
  4210 | D:9      | HP: 2/57 [jumping spider (7)]
  4211 | D:9      | Slain by a jumping spider

Vault maps used:
D:1:      dpeg_arrival_pond, st_stairs_12, minmay_tromino_v4_a
D:2:      uniq_jessica
D:3:      lightli_temple_of_fire
D:4:      gammafunk_temple_overflow_statue, led_sif_book, serial_shops,
          nicolae_shop_statue_plus, vehumet_altar_wand_db, uniq_ijyb,
          uniq_grinder
D:5:      first_ration, uniq_eustachio
D:6:      grunt_temple_overflow_forces_of_nature, marbit_many_paths, uniq_pikel
D:9:      tso_altar, nicolae_dithmenos_shadow_blocks, lair_entry_dummy,
          serial_shops, shop

Skill      XL: |  1  2  3  4  5  6  7  8 |
---------------+-------------------------+-----
Axes           | 5 6 7 8 10 11 12 | 12.8
Fighting       | |  3.6
Dodging        | |  2.4
Stealth        | |  1.5

Action                   |  1- 3 |  4- 6 |  7- 9 || total
-------------------------+-------+-------+-------++-------
Melee: Hand axe          |    66 |   116 |   127 ||   309
Throw: Tomahawk          |     4 |     4 |       ||     8
Evoke: Wand              |       |       |     5 ||     5
  Use: Scroll            |     3 |     5 |     3 ||    11
       Potion            |       |       |     5 ||     5
 Stab: Sleeping          |     1 |     1 |       ||     2
  Eat: Chunk             |       |     3 |     4 ||     7
       Ration            |       |       |     1 ||     1
Armor: Ring mail         |    22 |    46 |    21 ||    89
       Robe              |     2 |       |       ||     2
Dodge: Dodged            |    30 |    71 |    54 ||   155

Table legend:
 A = Spawn XP
 B = Non-spawn XP
 C = Spawn XP percentage of total XP
 D = Spawn monster count
 E = Non-spawn monster count
 F = Spawn count percentage of total count
 G = Total turns spent on level
                    A         B        C        D         E        F      G
               +---------+---------+-------+---------+---------+-------+---------
         Total |       0 |    1649 |   0.0 |       0 |      95 |   0.0 |  4211
               +---------+---------+-------+---------+---------+-------+---------
           D:1 |       0 |      37 |   0.0 |       0 |      20 |   0.0 |  1088
           D:2 |       0 |     101 |   0.0 |       0 |      17 |   0.0 |   390
           D:3 |       0 |     186 |   0.0 |       0 |      22 |   0.0 |   452
           D:4 |       0 |     477 |   0.0 |       0 |       9 |   0.0 |   922
           D:5 |       0 |     543 |   0.0 |       0 |      19 |   0.0 |   942
           D:6 |       0 |      62 |   0.0 |       0 |       5 |   0.0 |    90
           D:9 |       0 |     243 |   0.0 |       0 |       3 |   0.0 |   327
               +---------+---------+-------+---------+---------+-------+---------
